 Dungeon Crawl Stone Soup version 0.31-a0-1458-g2f8d4710b4 (webtiles) character file.

Game seed: 2180952186299191645

1461509 EnegeticOcto the Ghoulish Mishap (level 27, 256/256 HPs)
             Began as a Ghoul Reaver on Dec 27, 2023.
             Was an Initiate of Qazlal.
             Escaped with the Orb
             ... and 3 runes on Dec 28, 2023!
             The game lasted 02:14:14 (96796 turns).

EnegeticOcto the Ghoulish Mishap (Ghoul Reaver)    Turns: 96796, Time: 02:14:15

Health: 256/256    AC: 40    Str: 33    XL:     27
Magic:  38/38      EV: 12    Int: 18    God:    Qazlal [......]
Gold:   4423       SH: 29    Dex:  9    Spells: 28/29 levels left

rFire   + . .        a - +9 broad axe (spect)
rCold   + . .        c - +8 tower shield
rNeg    + + +        g - +7 plate armour of Complete Protection {rCorr}
rPois   ∞            e - +2 helmet of Atheism {Will+ Regen+ Dex+2}
rElec   +            t - +2 cloak
rCorr   +            o - +1 pair of gloves "Notaliej" {Str+5}
SInv    .            u - +1 pair of boots of the Learner {Will+}
Will    +++++        (no amulet) Stlth
                     y - ring of the Mordant Tangerine {rElec Will+ rCorr Int+4 Stlth-}
HPRegen 1.42/turn    M - ring of protection from fire
MPRegen 0.26/turn

%: no passive effects
@: studying 2 skills
A: claws 1, cold resistance 1, negative energy resistance 3, inhibited
regeneration, torment resistance 2, devour on kill
0: Orb of Zot
}: 3/15 runes: decaying, slimy, gossamer
a: Renounce Religion


You escaped.
You worshipped Qazlal.
Qazlal was noncommittal.
You visited 12 branches of the dungeon, and saw 55 of its levels.
You also visited: Ossuary.

You collected 8385 gold pieces.
You spent 3962 gold pieces at shops.

Inventory:

Hand Weapons
 a - a +9 spectral broad axe (weapon)
   (You took it off a vault guard on level 13 of the Dungeon)
 b - the +10 lance "Wyrmbane" {slay drac, rPois rF+ rC+ AC+3}
   (You took it off Margery on level 2 of the Vaults)

   AC+3:      It affects your AC (+3).
   rF+:       It protects you from fire.
   rC+:       It protects you from cold.
   rPois:     It protects you from poison
Missiles
 n - 2 darts of dispersal
 G - 8 curare-tipped darts (quivered)
Armour
 c - a +8 tower shield (worn)
   (You took it off a vault guard on level 1 of the Vaults)
 e - the +2 helmet of Atheism (worn) {Will+ Regen+ Dex+2}
   (You acquired it on level 4 of the Spider Nest)

   Dex+2:     It affects your dexterity (+2).
   Will+:     It increases your willpower.
   Regen+:    It increases your rate of health regeneration.
 g - the +7 plate armour of Complete Protection (worn) {rCorr}
   (You found it on level 13 of the Dungeon)

   rCorr:     It protects you from acid and corrosion.
 o - the +1 pair of gloves "Notaliej" (worn) {Str+5}
   (You found it on level 1 of the Vaults)

   Str+5:     It affects your strength (+5).
 t - a +2 cloak (worn)
   (You found it on level 4 of the Swamp)
 u - the +1 pair of boots of the Learner (worn) {Will+}
   (You found it on level 3 of the Crypt)

   Will+:     It increases your willpower.
 x - a +2 plate armour of fire resistance
   (You found it on level 5 of the Lair of Beasts)
 Z - the +15 Maxwell's patent armour {-Cast -Tele rElec Will+ rCorr}
   (You found it on level 2 of the Spider Nest)

   rElec:     It insulates you from electricity.
   Will+:     It increases your willpower.
   -Cast:     It prevents spellcasting.
   -Tele:     It prevents most forms of teleportation.
   rCorr:     It protects you from acid and corrosion.
Jewellery
 k - a ring of see invisible
   (You found it on level 1 of the Realm of Zot)
 l - the ring "Xena" {rElec rC++ EV+5}
   (You bought it in a shop on level 1 of the Depths)

   [ring of evasion]

   EV+5:      It affects your evasion (+5).
   rC++:      It greatly protects you from cold.
   rElec:     It insulates you from electricity.
 y - the ring of the Mordant Tangerine (left hand) {rElec Will+ rCorr Int+4 Stlth-}
   (You found it on level 1 of the Depths)

   [ring of resist corrosion]

   Int+4:     It affects your intelligence (+4).
   rElec:     It insulates you from electricity.
   Will+:     It increases your willpower.
   rCorr:     It protects you from acid and corrosion.
   Stlth-:    It makes you less stealthy.
 A - a ring of flight
   (You found it on level 6 of the Dungeon)
 M - a ring of protection from fire (right hand)
   (You found it on level 2 of the Lair of Beasts)
 O - an amulet of faith
   (You found it in an ossuary)
Wands
 p - a wand of polymorph (27)
   (You found it on level 1 of the Lair of Beasts)
 r - a wand of flame (163) {@v4}
   (You took it off Jessica on level 3 of the Dungeon)
 H - a wand of digging (31) {@v3}
   (You found it on level 1 of the Lair of Beasts)
 I - a wand of quicksilver (68) {@v1}
   (You found it on level 7 of the Dungeon)
 K - a wand of iceblast (55) {@v2}
   (You bought it in a shop on level 6 of the Dungeon)
 W - a wand of paralysis (96)
   (You bought it in a shop on level 6 of the Dungeon)
Scrolls
 d - 4 scrolls of enchant weapon
 j - a scroll of torment
 m - 4 scrolls of fear {!r}
 q - 8 scrolls of blinking {@r4}
 s - 8 scrolls of vulnerability
 w - 6 scrolls of fog {!r}
 B - a scroll of revelation {@r5 !r}
 C - a scroll of summoning
 D - 25 scrolls of teleportation {@r3 !r}
 E - 8 scrolls of immolation
 F - 9 scrolls of poison
 Y - 5 scrolls of silence {!r}
Potions
 f - 6 potions of attraction
 h - 10 potions of enlightenment
 i - 27 potions of curing {@q1 !q}
 v - 6 potions of magic
 z - 8 potions of heal wounds {@q2 !q}
 N - 7 potions of might {@q3 !q}
 P - 10 potions of haste {@q4 !q}
 Q - 4 potions of cancellation
 R - 3 potions of resistance
 S - 2 potions of invisibility
 X - 9 potions of ambrosia
Miscellaneous
 J - a lightning rod (4/4)
   (You bought it in a shop on level 6 of the Dungeon)
 U - a phantom mirror
   (You found it on level 1 of the Spider Nest)
 V - a sack of spiders
   (You found it on level 3 of the Swamp)


   Skills:
 + Level 22.7 Fighting
 - Level 18.0 Axes
 + Level 20.6 Armour
 - Level 13.0 Dodging
 - Level 3.0 Stealth
 + Level 22.0 Shields
 - Level 3.2 Unarmed Combat
 - Level 1.7 Spellcasting
 - Level 2.4 Conjurations
 - Level 2.0 Translocations
 + Level 22.8 Invocations
 - Level 6.0 Evocations


You had 28 spell levels left.
You knew the following spells:

 Your Spells              Type           Power      Damage    Failure   Level
K - Kiss of Death         Conj/Necr      20%        2d7       47%         1

Your spell library contained the following spells:

 Spells                   Type           Power      Damage    Failure   Level
 Magic Dart               Conj           40%        1d5       32%         1
 Foxfire                  Conj/Fire      20%        2x1d5     47%         1
 Shock                    Conj/Air       20%        1d4       47%         1
 Momentum Strike          Conj/Tloc      18%        3d8       47%         2
 Blink                    Tloc           16%        N/A       50%         2
 Lesser Beckoning         Tloc           16%        N/A       50%         2
 Freeze                   Ice            4%         1d3       65%         1
 Necrotise                Necr           4%         1d4       65%         1
 Gell's Gravitas          Tloc           8%         N/A       75%         3
 Teleport Other           Tloc           8%         N/A       75%         3
 Call Imp                 Summ           2%         N/A       78%         2
 Cigotuvi's Dreadful Rot  Necr/Alch/Air  2%         N/A       78%         2
 Ensorcelled Hibernation  Hex/Ice        2%         N/A       78%         2
 Jinxbite                 Hex            2%         N/A       78%         2
 Scorch                   Fire           2%         2d5       78%         2
 Dazzling Flash           Conj/Hex       10%        N/A       85%         3
 Hailstorm                Conj/Ice       5%         3d5       85%         3
 Stone Arrow              Conj/Erth      10%        3d7       85%         3
 Volatile Blastmotes      Fire/Tloc      10%        2d10      86%         3
 Confusing Touch          Hex            1%         N/A       95%         3
 Frozen Ramparts          Ice            2%         1d1       95%         3
 Fugue of the Fallen      Necr           1%         N/A       95%         3
 Inner Flame              Hex/Fire       1%         N/A       95%         3
 Ozocubu's Armour         Ice            1%         N/A       95%         3
 Passwall                 Erth           1%         N/A       95%         3
 Summon Ice Beast         Ice/Summ       1%         N/A       95%         3
 Swiftness                Air            1%         N/A       95%         3
 Tukima's Dance           Hex            1%         N/A       95%         3
 Vampiric Draining        Necr           1%         2d6       95%         3
 Iskenderun's Mystic Bla  Conj/Tloc      9%         2d4       98%         4
 Manifold Assault         Tloc           8%         N/A       98%         4
 Passage of Golubria      Tloc           8%         N/A       98%         4
 Brom's Barrelling Bould  Conj/Erth      5%         2d3       99%         4
 Flame Wave               Conj/Fire      5%         2d5       99%         4
 Fulminant Prism          Conj/Alch      2%         3d5       99%         4
 Vhi's Electric Charge    Tloc/Air       10%        N/A       99%         4
 Airstrike                Air            0%         2d(1-17)  100%        4
 Anguish                  Hex/Necr       0%         N/A       100%        4
 Animate Armour           Summ/Erth      2%         N/A       100%        4
 Animate Dead             Necr           1%         N/A       100%        4
 Cause Fear               Hex            0%         N/A       100%        4
 Dispel Undead            Necr           1%         3d6       100%        4
 Ignite Poison            Fire/Alch      1%         N/A       100%        4
 Leda's Liquefaction      Alch/Erth      0%         N/A       100%        4
 Martyr's Knell           Necr/Summ      1%         N/A       100%        4
 Petrify                  Alch/Erth      1%         N/A       100%        4
 Sticky Flame             Fire/Alch      1%         2d4       100%        4
 Summon Blazeheart Golem  Fire/Summ      1%         N/A       100%        4
 Summon Lightning Spire   Summ/Air       1%         N/A       100%        4
 Alistair's Intoxication  Alch           0%         N/A       100%        5
 Arcjolt                  Conj/Air       2%         1d12      100%        5
 Curse of Agony           Necr           1%         N/A       100%        5
 Fireball                 Conj/Fire      2%         3d4       100%        5
 Freezing Cloud           Conj/Ice/Air   2%         6-21      100%        5
 Irradiate                Conj/Alch      2%         3d12      100%        5
 Iskenderun's Battlesphe  Conj           10%        2d6       100%        5
 Metabolic Englaciation   Hex/Ice        0%         N/A       100%        5
 Silence                  Hex/Air        0%         N/A       100%        5
 Summon Forest            Summ/Tloc      2%         N/A       100%        5
 Summon Mana Viper        Hex/Summ       1%         N/A       100%        5
 Yara's Violent Unravell  Hex/Alch       0%         3d3       100%        5
 Bombard                  Conj/Erth      2%         9d1       100%        6
 Conjure Ball Lightning   Conj/Air       2%         3x3d6     100%        6
 Death Channel            Necr           0%         N/A       100%        6
 Dispersal                Tloc           4%         N/A       100%        6
 Eringya's Noxious Bog    Alch           0%         4d6       100%        6
 Plasma Beam              Fire/Air       0%         2x1d10    100%        6
 Sculpt Simulacrum        Ice/Alch       0%         N/A       100%        6
 Starburst                Conj/Fire      2%         6d3       100%        6
 Summon Cactus Giant      Summ           0%         N/A       100%        6
 Enfeeble                 Hex            0%         N/A       100%        7
 Haunt                    Necr/Summ      0%         N/A       100%        7
 Orb of Destruction       Conj           5%         9d5       100%        7
 Spellforged Servitor     Conj/Summ      2%         N/A       100%        7
 Summon Hydra             Summ           0%         N/A       100%        7
 Discord                  Hex            0%         N/A       100%        8
 Disjunction              Tloc           4%         N/A       100%        8
 Ignition                 Fire           0%         3d3       100%        8
 Infestation              Necr           0%         N/A       100%        8
 Lehudib's Crystal Spear  Conj/Erth      2%         10d2      100%        8
 Maxwell's Capacitive Co  Air            0%         ∞         100%        8
 Dragon's Call            Summ           0%         N/A       100%        9


Dungeon Overview and Level Annotations

Branches:
Dungeon (15/15)            Temple (0/1) D:6            Lair (5/5) D:9
  Swamp (4/4) Lair:3       Spider (4/4) Lair:3        Slime (5/5) Lair:4
    Orc (2/2) D:9             Elf (3/3) Orc:2        Vaults (4/5) D:13
  Crypt (3/3) Vaults:2       Tomb (0/3) Crypt:3      Depths (4/4) D:15
   Hell (visited)             Zot (5/5) Depths:4    Ossuary (visited)
    Dis: Hell:1         Geh: Hell:1         Coc: Hell:1         Tar: Hell:1

Altars:
Ashenzari
Dithmenos
Fedhas
Kikubaaqudgha
Makhleb
Okawaru
Qazlal
Ru
Trog
Vehumet
Wu Jian
Xom
Yredelemnul
Jiyva

Shops:
D:1 (   D:6 *   D:7 (   Orc:1 [   Orc:2 [([[   Elf:1 *==[   Elf:2 [
Vaults:3 (   Depths:1 ::=

Portals:
Hell: Depths:1 Depths:2 Depths:3 Depths:4
Abyss: Depths:2 Depths:3 Depths:4
Pandemonium: Depths:2 Depths:3 Depths:4
Ziggurat: Depths:2
Trove: D:15 (give +5 demon blade)

Annotations:
Swamp:4 2 transporters, iamserjio's ghost, adept OpCK
Hell Geryon


Innate Abilities, Weirdness & Mutations

You are immune to poison.
You have sharp fingernails.
Your flesh is cold resistant. (rC+)
You are immune to negative energy. (rN+++)
You do not regenerate when monsters are visible.
You are immune to unholy pain and torment.
You thrive by killing the living.


Message History

(H) Hell (Z) Zot
Where to? (Tab/Enter - D:1 @ (x,y), ? - help)
There is an open door here.
There is a stone staircase leading up here.
You climb upwards.
There is a stone staircase leading down here.
There is a stone staircase leading up here.
You climb upwards.
There is a stone staircase leading down here.
A red devil comes into view. It is wielding a +0 trident.
You block the red devil's attack.
You slash the red devil!
The red devil is moderately wounded.
Your +9 spectral broad axe hits the red devil!
You hit the red devil but do no damage.
The red devil is severely wounded.
Your +9 spectral broad axe hits the red devil!
You kill the red devil!
Qazlal accepts your kill.
No target in view!
(D) Dungeon (T) Temple (L) Lair (S) Swamp (N) Spider Nest (M) Slime Pits (O) Orcish Mines (E) Elven Halls (V) Vaults (C) Crypt (W) Tomb (U) Depths (H) Hell (Z) Zot
Where to? (Tab/Enter - D:1 @ (x,y), ? - help)
Your +9 spectral broad axe disappears.
There is a stone staircase leading up here.
You climb upwards.
There is a stone staircase leading down here.
A great orb of eyes comes into view.
Unknown command.
You slice the great orb of eyes!!
The great orb of eyes is moderately wounded.
You slash the great orb of eyes!
The great orb of eyes is heavily wounded.
You block the great orb of eyes's attack.
You slash the great orb of eyes!
The great orb of eyes is severely wounded.
You block the great orb of eyes's attack.
You slice the great orb of eyes!!
You kill the great orb of eyes!
Qazlal accepts your kill.
No target in view!
There is a staircase leading out of the dungeon here.
Really remove
O - an amulet of faith?
You start removing your amulet.
You continue taking off your amulet of faith. x4
You finish taking off your amulet of faith.
Qazlal seems less interested in you.
You feel less pious.
Really put on
O - an amulet of faith?
You start putting on your amulet.
You continue putting on your amulet of faith. x5
You finish putting on your amulet of faith.
You feel a surge of divine interest.
O - an amulet of faith (around neck) Really remove
O - an amulet of faith? [Y]es or [N]o only, please.
Really remove
O - an amulet of faith?
You start removing your amulet.
You continue taking off your amulet of faith. x4
You finish taking off your amulet of faith.
Qazlal seems less interested in you.
You feel less pious.
The storm surrounding you is now too weak to repel missiles.
You will no longer adapt resistances upon receiving elemental damage.
Really put on
O - an amulet of faith?
You start putting on your amulet.
You continue putting on your amulet of faith. x5
You finish putting on your amulet of faith.
You feel a surge of divine interest.
O - an amulet of faith (around neck) Really remove
O - an amulet of faith?
You start removing your amulet.
You continue taking off your amulet of faith. x4
You finish taking off your amulet of faith.
Qazlal seems less interested in you.
You feel less pious.
You can no longer call upon nature to destroy your foes.
Really put on
O - an amulet of faith?
You start putting on your amulet.
You continue putting on your amulet of faith. x5
You finish putting on your amulet of faith.
You feel a surge of divine interest.
O - an amulet of faith (around neck) Really remove
O - an amulet of faith?
You start removing your amulet.
You continue taking off your amulet of faith. x4
You finish taking off your amulet of faith.
Qazlal seems less interested in you.
You feel less pious.
Really put on
O - an amulet of faith?
You start putting on your amulet.
You continue putting on your amulet of faith. x5
You finish putting on your amulet of faith.
You feel a surge of divine interest.
O - an amulet of faith (around neck) Really remove
O - an amulet of faith?
You start removing your amulet.
You continue taking off your amulet of faith. x4
You finish taking off your amulet of faith.
Qazlal seems less interested in you.
You feel less pious.
Your storm dissipates completely.
You have escaped!

..##.......##........#......#
###.........#######.####.#..#
#....8....##...##..# #.#..#
#............#...#####.#..#####
##.......######### #...........
###...######...####......#####
# ####.### ##.......##......#
###...### #.........###.####
#.......####....@....# #.#
.........##..........# #.#
....8......##.......## #>#
.........######...### #.#
#.......## ######## #.#
###...### #.# #.# ##### #.# #.#
#.# #.#
############.###########.#


There were no monsters in sight!

Vanquished Creatures
  the Royal Jelly (Slime:5)
  2 dread liches (Zot:5)
  6 orbs of fire
  An ancient lich (Zot:5)
  Mara (Vaults:3)
  2 juggernauts (Depths:3)
  5 Killer Klowns (Zot:5)
  Saint Roka (Vaults:2)
  4 curse toes
  3 caustic shrikes
  Margery (Vaults:2)
  A profane servitor (Crypt:3)
  9 golden dragons
  A bone dragon (Crypt:3)
  Arachne (Spider:3)
  A Tzitzimitl (D:7)
  4 electric golems
  The ghost of Muvus the Executioner, an adept DsFi of Uskayaw (Vaults:1)
  A hellephant (Vaults:2)
  A walking crystal tome (Depths:3)
  27 Orb Guardians
  23 tentacled monstrosities
  2 deep elf master archers (Elf:3)
  2 liches
  Asterion (Vaults:1)
  2 deep elf blademasters (Elf:3)
  A walking frostbound tome (Depths:3)
  6 quicksilver dragons
  8 sphinxes
  5 ancient champions
  8 death cobs
  16 acid blobs
  2 thorn hunters
  Agnes (Spider:2)
  The ghost of Theblade121 the Bludgeoner, an adept DsMo of Gozag (Spider:2)
  4 tengu reavers
  Aizul (Swamp:2)
  19 storm dragons
  Roxanne (Spider:2)
  Donald (Vaults:1)
  10 shadow dragons
  Kirke (Spider:3)
  5 revenants
  5 azure jellies
  A fenstrider witch (Swamp:2)
  6 frost giants
  15 rockslimes
  3 draconian monks
  4 deep elf elementalists (Elf:3)
  5 draconian scorchers
  3 deep elf sorcerers
  3 protean progenitors
  2 draconian knights
  6 emperor scorpions (Spider:4)
  7 draconian shifters
  2 iron dragons (Depths:3)
  5 fire giants
  16 vault wardens
  Louise (Spider:4)
  5 ghost moths
  3 draconian annihilators
  3 curse skulls
  A balrug (Depths:4)
  5 draconian stormcallers
  4 spriggan defenders
  A spectral juggernaut (Crypt:3)
  8 stone giants
  6 eleionomae
  8 very ugly things
  10 ghouls
  17 ironbound preservers
  12 formless jellyfish
  8 vampire knights
  7 quicksilver oozes
  7 deep elf demonologists
  4 green draconians
  5 ironbound thunderhulks
  4 deep elf death magi
  11 dire elephants
  A lorocyproca (Depths:3)
  14 black draconians
  15 red draconians
  7 purple draconians
  6 white draconians
  13 spark wasps
  7 yellow draconians
  7 bunyips
  10 deep elf annihilators
  A blizzard demon (D:6)
  13 ettins
  11 entropy weavers
  12 fire dragons
  15 jiangshi
  Josephine (Lair:3)
  2 deep elf high priests (Elf:3)
  A spriggan zombie (Crypt:2)
  3 yaktaur captains
  11 great orbs of eyes
  5 ice dragons
  A shambling mangrove (Swamp:4)
  5 rakshasas
  13 vault guards
  16 hydras
  5 spriggan air magi
  2 radroaches
  A fenstrider witch zombie (Crypt:2)
  A jorogumo (Spider:3)
  2 hell beasts
  3 ghost crabs
  8 ironbound frosthearts
  3 ogre magi
  3 death knights
  2 catoblepae
  8 centaur warriors
  5 alligators
  8 boulder beetles
  5 death yaks (Lair:5)
  10 two-headed ogres
  7 tengu warriors
  33 dancing weapons
  7 deep troll earth magi
  6 deep troll shamans
  A bennu skeleton (Crypt:1)
  3 hell hogs (Depths:2)
  4 orc high priests
  3 demonic crawlers
  An occultist (Depths:1)
  4 vampire magi
  9 spriggan berserkers
  2 sun demons
  Urug (D:10)
  A soul eater (Hell)
  17 deep elf knights
  32 hell knights
  The ghost of runewalsh the Toxicologist, a novice OpCj of Gozag (D:8)
  Sonja (D:11)
  2 skysharks
  An iron troll (Depths:3)
  3 shadow wraiths (Crypt:3)
  6 pharaoh ants
  31 skeletal warriors
  A bunyip zombie (Crypt:2)
  6 goliath frogs
  6 spriggan druids
  64 deep trolls
  7 flayed ghosts
  10 orb spiders
  7 glowing orange brains
  A death drake (D:14)
  8 swamp dragons
  14 deep elf archers
  A shadow demon (Depths:4)
  8 ironbound convokers
  8 bog bodies
  A sun moth (Spider:4)
  10 arcanists
  14 necromancers
  16 phantasmal warriors
  27 deep elf zephyrmancers
  4 steelbarb worms
  A broodmother zombie (Crypt:2)
  A harpy (Vaults:2)
  A wolf spider zombie (Crypt:1)
  22 wolf spiders
  6 orc knights
  7 lindwurms
  4 shining eyes
  41 deep elf pyromancers
  5 orc sorcerers
  An oklob plant (Lair:4)
  4 manticores
  A stone giant zombie (Crypt:2)
  2 iron dragon zombies
  8 will-o-the-wisps
  6 meliai
  A salamander (shapeshifter) (Depths:2)
  26 moths of wrath
  8 cyclopes
  37 ugly things
  7 elephants
  An iron dragon skeleton (Crypt:1)
  Maurice (D:11)
  2 black mambas
  A fire giant skeleton (Crypt:2)
  2 kobold blastminers (Orc:2)
  3 eyes of devastation
  18 vault sentinels
  11 cane toads
  An orange demon (D:15)
  A smoke demon (Depths:2)
  A titan simulacrum (Crypt:3)
  3 unseen horrors
  A hellion (Depths:2)
  3 torpor snails
  A red draconian zombie (Crypt:2)
  2 rime drakes (Lair:4)
  2 tormentors
  An efreet (D:15)
  7 komodo dragons
  6 freezing wraiths
  28 yaktaurs
  5 tengu conjurers
  A spectral harpy (Crypt:3)
  A red devil (D:2)
  A harpy zombie (Crypt:2)
  7 trolls
  4 polar bears
  A bloated husk (Swamp:2)
  2 hellwings (Zot:4)
  26 hornets
  12 blink frogs
  A satyr zombie (Crypt:1)
  9 tyrant leeches
  26 tarantellas
  A tarantella (shapeshifter) (D:15)
  Prince Ribbit (D:6)
  5 glass eyes
  5 dream sheep (Lair:5)
  108 slime creatures
  5 air elementals
  37 jumping spiders
  A water elemental (Elf:3)
  20 spriggans
  27 culicivoras
  A vampire (D:11)
  5 wyverns
  38 yaks
  3 shadows (Crypt:3)
  4 humans (D:13)
  14 wraiths
  2 basilisks
  A steam dragon (D:7)
  2 wargs (Orc:1)
  4 fire elementals
  5 hogs (Spider:3)
  10 vampire mosquitoes
  A chaos spawn (D:7)
  75 redbacks
  15 swamp worms
  4 small abominations (Crypt:3)
  5 acid dragons
  2 swamp worms (shapeshifter)
  17 water moccasins
  A water moccasin (shapeshifter) (D:14)
  A two-headed ogre skeleton (Crypt:2)
  3 black bears
  An ice beast (D:5)
  A sky beast (D:4)
  11 swamp drakes
  20 orc warriors
  3 ettin simulacra (Depths:2)
  4 ogres
  A tengu (shapeshifter) (D:15)
  18 wolves
  5 boggarts
  18 laughing skulls
  2 phantoms
  14 centaurs
  A torpor snail zombie (Crypt:2)
  3 kobold brigands
  A draconian zombie (Crypt:1)
  3 weeping skulls (Crypt:3)
  11 bullfrogs
  2 gnoll sergeants
  8 necrophages
  4 earth elementals
  5 scorpions
  4 wights (D:9)
  4 burial acolytes (Crypt:3)
  A killer bee (D:9)
  5 howler monkeys
  An electric eel (Spider:2)
  A bullfrog skeleton (Crypt:2)
  3 hounds
  2 bombardier beetles (D:5)
  A jelly (D:5)
  Crazy Yiuf (D:2)
  A human zombie (Ossuary)
  A sleepcap (D:6)
  A gnoll bouda (D:8)
  17 orc priests
  Jessica (D:3)
  3 iguanas
  Natasha (thrice) (D:2)
  18 orc wizards
  6 scorpion zombies (Ossuary)
  A sky beast zombie (Crypt:1)
  3 mummies (Ossuary)
  11 gnolls
  6 adders
  4 white imps
  2 ufetubi (D:7)
  2 adder zombies (Ossuary)
  2 worms
  4 dart slugs
  54 orcs
  8 ball pythons
  7 bats
  10 endoplasms
  2 giant cockroaches
  6 goblins
  4 hobgoblins
  2 jackals (D:4)
  17 kobolds
  A quokka (D:5)
  2 ball python zombies (Ossuary)
  A bombardier beetle zombie (Crypt:2)
  A dart slug zombie (Crypt:1)
  3 frilled lizards
  2 gnoll zombies (Ossuary)
  3 jackal zombies (Ossuary)
  3 orc zombies (Ossuary)
  8 rats
  18 spectral weapons
2253 creatures vanquished.

Vanquished Creatures (collateral kills)
  Nikola (Swamp:2)
  A tentacled monstrosity (Zot:1)
  A thorn hunter (Swamp:3)
  A rockslime (Slime:5)
  2 fenstrider witches
  An emperor scorpion (Spider:4)
  A very ugly thing (Depths:3)
  A bunyip (Swamp:3)
  An entropy weaver (Spider:1)
  2 vault guards (D:13)
  A dancing weapon (Elf:2)
  An orc high priest (Orc:2)
  A death yak (Lair:5)
  A demonic crawler (Spider:1)
  A deep elf knight (Elf:2)
  An orc knight (Orc:2)
  A deep elf pyromancer (Elf:2)
  A deep elf zephyrmancer (Elf:2)
  A wolf spider (Spider:3)
  A slime creature (Vaults:2)
  A troll (D:8)
  A hornet (Spider:4)
  A yak (D:8)
  2 jumping spiders (Spider:1)
  2 humans (D:13)
  6 redbacks
  A swamp drake (Swamp:2)
  An orc warrior (D:8)
  A bullfrog (D:8)
  2 orc wizards (Orc:2)
40 creatures vanquished.

Vanquished Creatures (others)
  A golden dragon (Zot:5)
  A Brimstone Fiend (D:6)
  A thorn hunter (Swamp:2)
  A fire giant (Depths:1)
  3 deep elf knights
  3 bloated husks
  A hornet (Swamp:1)
  A centaur simulacrum (D:15)
  A swamp worm (Swamp:2)
  14 foxfires
  163 spectral weapons
190 creatures vanquished.

Grand Total: 2483 creatures vanquished

Notes
Turn   | Place    | Note
-------+----------+-------------------------------------------
     0 | D:1      | EnegeticOcto the Ghoul Reaver began the quest for the Orb.
     0 | D:1      | Reached XP level 1. HP: 17/17 MP: 3/3
    84 | D:1      | Reached skill level 1 in Stealth
   100 | D:1      | Found Bagy's Weapon Emporium.
   261 | D:1      | Reached XP level 2. HP: 22/24 MP: 4/4
   330 | D:1      | Reached skill level 2 in Stealth
   386 | D:1      | Learned a level 2 spell: Momentum Strike
   745 | D:1      | Found a faded altar of an unknown god.
   949 | D:2      | Reached skill level 3 in Stealth
  1021 | D:2      | Reached XP level 3. HP: 27/29 MP: 5/5
  1035 | D:2      | Reached skill level 1 in Translocations
  1158 | D:2      | Got the Spellbook of the Panacea
  1344 | D:2      | Noticed Natasha
  1432 | D:2      | Found a runed translucent door.
  1433 | D:2      | Noticed Crazy Yiuf
  1747 | D:2      | Identified the +10 hand axe of the Evening {freeze, rCorr
                  | Dex+4}
  1825 | D:2      | Reached skill level 2 in Translocations
  1825 | D:2      | Reached XP level 4. HP: 33/36 MP: 6/6
  1943 | D:3      | Reached skill level 1 in Axes
  2157 | D:3      | Noticed Jessica
  2170 | D:3      | Killed Jessica
  2171 | D:3      | Reached skill level 2 in Axes
  2219 | D:3      | Found an ancient bone altar of Kikubaaqudgha.
  2230 | D:3      | Reached XP level 5. HP: 41/41 MP: 7/7
  2387 | D:3      | Found a shadowy altar of Dithmenos.
  2733 | D:2      | Killed Natasha
  3089 | D:2      | Noticed Natasha
  3104 | D:2      | Killed Natasha
  3105 | D:2      | Reached skill level 3 in Axes
  3455 | D:2      | Noticed Natasha
  3461 | D:2      | Killed Natasha
  3840 | D:4      | Noticed an ogre
  3912 | D:4      | Found a stormy altar of Qazlal.
  3924 | D:4      | Noticed a sky beast
  3932 | D:4      | Killed a sky beast
  3933 | D:4      | Reached skill level 4 in Axes
  3933 | D:4      | Reached XP level 6. HP: 36/48 MP: 8/8
  3935 | D:4      | Became a worshipper of Qazlal Stormbringer
  4598 | D:4      | Found an iron altar of Okawaru.
  4972 | D:4      | Reached skill level 5 in Axes
  5109 | D:5      | Entered Level 5 of the Dungeon
  5112 | D:5      | Reached XP level 7. HP: 55/55 MP: 9/9
  5179 | D:5      | Found a shimmering altar of Xom.
  5207 | D:5      | Reached skill level 6 in Axes
  5207 | D:5      | Reached skill level 3 in Fighting
  5293 | D:5      | Found a sacrificial altar of Ru.
  5310 | D:5      | Reached skill level 4 in Fighting
  5348 | D:5      | Reached skill level 1 in Armour
  5386 | D:5      | Reached * piety under Qazlal
  5387 | D:5      | Reached skill level 2 in Armour
  5387 | D:5      | Reached XP level 8. HP: 66/66 MP: 10/10
  5798 | D:5      | Reached skill level 3 in Armour
  6063 | D:4      | Reached skill level 4 in Armour
  6147 | D:6      | Reached skill level 1 in Invocations
  6502 | D:6      | Reached skill level 2 in Invocations
  6523 | D:6      | Found a staircase to the Ecumenical Temple.
  6541 | D:6      | Noticed Prince Ribbit
  6546 | D:6      | Reached skill level 3 in Invocations
  6587 | D:6      | Killed Prince Ribbit
  6588 | D:6      | Reached skill level 7 in Axes
  6588 | D:6      | Reached XP level 9. HP: 37/71 MP: 11/11
  6991 | D:6      | Found Lisu's Gadget Gallery.
  6996 | D:6      | Bought a wand of paralysis (6) for 158 gold pieces
  7156 | D:7      | Reached skill level 1 in Shields
  7246 | D:7      | Found a sand-covered staircase.
  7260 | D:7      | Reached skill level 2 in Shields
  7276 | D:7      | Reached skill level 8 in Axes
  7297 | Ossuary  | Entered an ossuary
  7370 | Ossuary  | Reached skill level 3 in Shields
  7397 | Ossuary  | Reached ** piety under Qazlal
  7534 | Ossuary  | Reached skill level 4 in Shields
  7723 | D:7      | Reached skill level 5 in Shields
  7883 | D:7      | Found Fahut's Weapon Boutique.
  8199 | D:8      | Noticed a hornet
  8209 | D:8      | Killed a hornet
  8232 | D:8      | Reached skill level 4 in Invocations
  8337 | D:8      | Reached XP level 10. HP: 80/80 MP: 13/13
  8420 | D:8      | Found a transporter.
  8424 | D:8      | Noticed runewalsh's ghost (novice OpCj)
  8562 | D:8      | Found a transporter.
  8593 | D:8      | Reached skill level 5 in Fighting
  8594 | D:8      | Reached *** piety under Qazlal
  8663 | D:8      | Found a radiant altar of Vehumet.
  8919 | D:8      | Reached skill level 6 in Shields
  8920 | D:8      | Killed runewalsh's ghost
  8921 | D:8      | Reached skill level 6 in Fighting
  8921 | D:8      | Reached skill level 5 in Invocations
  9056 | D:9      | Reached skill level 9 in Axes
  9157 | D:9      | Reached skill level 7 in Fighting
  9203 | D:9      | Noticed a two-headed ogre
  9209 | D:9      | Killed a two-headed ogre
  9264 | D:9      | Reached skill level 10 in Axes
  9316 | D:9      | Reached XP level 11. HP: 51/92 MP: 14/14
  9413 | D:9      | Noticed a two-headed ogre
  9421 | D:9      | Killed a two-headed ogre
  9422 | D:9      | Reached skill level 11 in Axes
  9580 | D:9      | Noticed a six-headed hydra
  9584 | D:9      | Killed a six-headed hydra
  9660 | D:9      | Noticed a deep elf pyromancer
  9666 | D:9      | Killed a deep elf pyromancer
  9896 | D:9      | Identified the +1 ring mail of the Past {rPois}
 10011 | D:9      | Noticed a cyclops
 10028 | D:9      | Killed a cyclops
 10482 | D:9      | Found a staircase to the Lair.
 10533 | D:9      | Found a burning altar of Makhleb.
 10548 | D:9      | Found a staircase to the Orcish Mines.
 10774 | D:10     | Entered Level 10 of the Dungeon
 10904 | D:10     | Noticed Urug
 10915 | D:10     | Killed Urug
 10916 | D:10     | Reached skill level 5 in Armour
 11211 | D:10     | Reached skill level 8 in Fighting
 11354 | D:10     | Noticed a moth of wrath
 11357 | D:10     | Found a bloodstained altar of Trog.
 11390 | D:10     | Killed a moth of wrath
 11516 | D:10     | Reached skill level 7 in Shields
 11889 | Lair:1   | Entered Level 1 of the Lair of Beasts
 11890 | Lair:1   | Upgraded the game from 0.31-a0-1439-g542172135e to
                  | 0.31-a0-1458-g2f8d4710b4
 12074 | Lair:1   | Noticed a boulder beetle
 12096 | Lair:1   | Reached XP level 12. HP: 92/103 MP: 15/15
 12127 | Lair:1   | Killed a boulder beetle
 12128 | Lair:1   | Reached skill level 6 in Armour
 12532 | Lair:1   | Reached skill level 12 in Axes
 12887 | D:2      | Found a runed translucent door.
 12894 | D:2      | Killed Crazy Yiuf
 13116 | Lair:1   | Reached skill level 9 in Fighting
 13538 | Lair:2   | You are sucked into a shaft and drop 1 floor!
 13699 | Lair:3   | Noticed a skyshark
 13709 | Lair:3   | Killed a skyshark
 13710 | Lair:3   | Reached skill level 8 in Shields
 13761 | Lair:3   | Found a staircase to the Swamp.
 14012 | Lair:3   | Noticed a four-headed hydra
 14016 | Lair:3   | Killed a four-headed hydra
 14017 | Lair:3   | Reached skill level 7 in Armour
 14124 | Lair:2   | Reached skill level 10 in Fighting
 14353 | Lair:2   | Noticed a skyshark
 14366 | Lair:2   | Killed a skyshark
 14367 | Lair:2   | Reached skill level 9 in Shields
 14367 | Lair:2   | Reached XP level 13. HP: 110/113 MP: 16/16
 14697 | Lair:3   | Reached skill level 1 in Evocations
 14781 | Lair:3   | Reached skill level 13 in Axes
 14794 | Lair:3   | Found a hole to the Spider Nest.
 15484 | Lair:4   | Reached skill level 2 in Evocations
 15493 | Lair:4   | Reached **** piety under Qazlal
 15531 | Lair:4   | Found a viscous altar of Jiyva.
 15531 | Lair:4   | Found a staircase to the Slime Pits.
 15691 | Lair:4   | Found a broken altar of Ashenzari.
 15839 | Lair:4   | Reached skill level 6 in Invocations
 16309 | Lair:5   | Entered Level 5 of the Lair of Beasts
 16322 | Lair:5   | Reached skill level 3 in Evocations
 16628 | Lair:5   | Reached skill level 8 in Armour
 16836 | Lair:5   | Reached skill level 7 in Invocations
 17181 | Lair:5   | Reached ***** piety under Qazlal
 17237 | Lair:5   | Reached skill level 4 in Evocations
 17238 | Lair:5   | Reached skill level 10 in Shields
 17238 | Lair:5   | Reached XP level 14. HP: 64/121 MP: 19/19
 18070 | Lair:5   | Noticed a dire elephant
 18094 | Lair:5   | Killed a dire elephant
 18536 | D:11     | Noticed Maurice
 18538 | D:11     | Killed Maurice
 18667 | D:11     | Noticed Sonja
 18686 | D:11     | Killed Sonja
 19087 | D:11     | Reached skill level 8 in Invocations
 19575 | D:12     | Reached skill level 5 in Evocations
 20368 | D:12     | Reached skill level 9 in Armour
 20573 | D:13     | Reached skill level 14 in Axes
 21291 | D:13     | Reached skill level 9 in Invocations
 21408 | D:13     | Reached skill level 6 in Evocations
 21466 | D:13     | Found a gate to the Vaults.
 21471 | D:13     | Identified the +7 plate armour of Complete Protection
                  | {rCorr}
 21583 | D:13     | Reached skill level 11 in Shields
 22008 | Orc:1    | Entered Level 1 of the Orcish Mines
 22157 | Orc:1    | Found Hinte's Armour Shoppe.
 22299 | Orc:1    | Reached XP level 15. HP: 107/126 MP: 21/21
 22379 | Orc:2    | Entered Level 2 of the Orcish Mines
 22518 | Orc:2    | Found a staircase to the Elven Halls.
 23376 | Orc:2    | Reached skill level 10 in Armour
 23770 | Orc:2    | Found Urphafoce's Armour Boutique.
 23770 | Orc:2    | Found Rajascha's Armour Emporium.
 23772 | Orc:2    | Found Bole's Antique Weapon Boutique.
 23772 | Orc:2    | Found Faojoj's Antique Armour Emporium.
 23797 | Orc:2    | Bought a pair of warped gloves for 294 gold pieces
 23797 | Orc:2    | Identified the +0 pair of gloves "Haeghidem" {rElec rF+ rC-
                  | rN+ Int+4} (You bought it in a shop on level 2 of the
                  | Orcish Mines)
 23802 | Orc:2    | Bought a +0 helmet for 58 gold pieces
 23809 | Orc:2    | Bought a fine war axe for 212 gold pieces
 23809 | Orc:2    | Identified the +11 war axe of the Hurtling Augurer {heavy,
                  | *Rage rElec MP+9 SInv} (You bought it in a shop on level 2
                  | of the Orcish Mines)
 24052 | D:6      | Bought a lightning rod (4/4) for 440 gold pieces
 24479 | D:14     | Found a stormy altar of Qazlal.
 24529 | D:14     | Reached skill level 10 in Invocations
 25168 | D:14     | Noticed Nessos
 25169 | D:14     | Nessos changed into Nessos the death drake
 25169 | D:14     | Noticed Nessos
 25180 | D:14     | Killed Nessos the death drake
 25600 | D:15     | Entered Level 15 of the Dungeon
 25619 | D:15     | Reached skill level 12 in Shields
 25741 | D:15     | Reached skill level 11 in Armour
 25837 | D:15     | Found a portal to a secret trove of treasure.
 25879 | D:15     | Reached skill level 15 in Axes
 25926 | D:15     | Reached ****** piety under Qazlal
 26025 | D:15     | Reached XP level 16. HP: 60/134 MP: 23/23
 26552 | D:15     | Found a staircase to the Depths.
 27121 | Spider:1 | Entered Level 1 of the Spider Nest
 27128 | Spider:1 | Reached skill level 2 in Dodging
 27149 | Spider:1 | Reached skill level 13 in Shields
 27154 | Spider:1 | Reached skill level 3 in Dodging
 27174 | Spider:1 | Reached skill level 12 in Armour
 27589 | Spider:2 | Noticed Agnes
 27595 | Spider:2 | Killed Agnes
 27620 | Spider:1 | Reached skill level 4 in Dodging
 28444 | Spider:2 | Reached skill level 16 in Axes
 28601 | Spider:2 | Noticed Roxanne
 28601 | Spider:2 | Found the +15 Maxwell's patent armour {-Cast -Tele rElec
                  | Will+ rCorr}
 28621 | Spider:2 | Killed Roxanne
 28622 | Spider:2 | Reached skill level 5 in Dodging
 28757 | Spider:2 | Reached XP level 17. HP: 109/140 MP: 24/24
 28849 | Spider:2 | Found a runed translucent door.
 28849 | Spider:2 | Noticed Theblade121's ghost (adept DsMo)
 29671 | Spider:3 | Noticed Kirke
 29689 | Spider:3 | Killed Kirke
 30703 | Spider:3 | Reached skill level 6 in Dodging
 30946 | Spider:3 | Reached skill level 13 in Armour
 31691 | Spider:4 | Entered Level 4 of the Spider Nest
 31702 | Spider:4 | Noticed Arachne
 31717 | Spider:3 | Killed Arachne
 33438 | Spider:4 | Noticed Louise
 33442 | Spider:4 | Killed Louise
 33701 | Spider:4 | Identified a scroll of acquirement
 33702 | Spider:4 | Acquired the +2 helmet of Atheism {Will+ Regen+ Dex+2}
 33794 | Spider:4 | Reached skill level 11 in Fighting
 34434 | Spider:4 | Reached skill level 17 in Axes
 35568 | Spider:4 | Reached skill level 14 in Armour
 35568 | Spider:4 | Reached XP level 18. HP: 145/151 MP: 3/25
 35729 | Spider:4 | Reached XP level 19. HP: 160/160 MP: 26/26
 35731 | Spider:4 | Identified the +1 hat of the Hidden Allies {-Tele rPois
                  | Int+3}
 35736 | Spider:4 | Identified the +1 hat "Avuschuyn" {Slay+2}
 35754 | Spider:4 | Reached skill level 12 in Fighting
 35757 | Spider:4 | Got a gossamer rune of Zot
 36145 | D:6      | Bought a wand of iceblast (14) for 369 gold pieces
 36145 | D:6      | Bought a wand of digging (5) for 231 gold pieces
 36145 | D:6      | Bought a wand of iceblast (7) for 184 gold pieces
 36358 | Swamp:1  | Entered Level 1 of the Swamp
 36371 | Swamp:1  | Noticed Josephine
 36425 | Lair:3   | Reached skill level 18 in Axes
 36561 | Lair:3   | Killed Josephine
 36587 | Swamp:1  | Noticed a tentacled monstrosity
 36595 | Swamp:1  | Killed a tentacled monstrosity
 36694 | Swamp:1  | Reached skill level 13 in Fighting
 37124 | Swamp:2  | Identified the serpent talisman of the Trout {rN+ Str+5
                  | Int+3}
 37124 | Swamp:2  | Noticed Aizul
 37141 | Swamp:2  | Killed Aizul
 37193 | Swamp:2  | Noticed Nikola
 37206 | Swamp:2  | Killed Nikola
 37358 | Swamp:2  | Reached skill level 7 in Dodging
 37375 | Swamp:2  | Identified the +3 leather armour "Nolonwih" {rPois Int+3}
 37499 | Swamp:2  | Identified the +5 chain mail of the Gloaming {-Cast rF-
                  | Will+ Dex+7}
 37705 | Swamp:3  | Reached skill level 14 in Fighting
 38496 | Swamp:3  | Reached skill level 8 in Dodging
 39094 | Swamp:4  | Entered Level 4 of the Swamp
 39463 | Swamp:4  | Reached skill level 15 in Fighting
 39463 | Swamp:4  | Reached skill level 9 in Dodging
 39816 | Swamp:4  | Reached XP level 20. HP: 132/178 MP: 27/27
 40363 | Swamp:4  | Found a transporter.
 40440 | Swamp:4  | Found a transporter.
 40440 | Swamp:4  | Noticed iamserjio's ghost (adept OpCK)
 40653 | Swamp:4  | Got a decaying rune of Zot
 40973 | Elf:1    | Entered Level 1 of the Elven Halls
 40974 | Elf:1    | Paralysed by an air elemental for 1 turns
 41507 | Elf:1    | Reached skill level 11 in Invocations
 41823 | Elf:1    | Found Lyunlokh's Jewellery Shop.
 41823 | Elf:1    | Found Sikosmu's Jewellery Boutique.
 41851 | Elf:1    | Bought a +5 ring of evasion for 360 gold pieces
 41860 | Elf:1    | You fall into a shaft and drop 1 floor!
 41874 | Elf:2    | Reached skill level 16 in Fighting
 41901 | Elf:2    | Reached skill level 14 in Shields
 42260 | Elf:2    | Reached skill level 12 in Invocations
 42361 | Elf:2    | Found a runed translucent gate.
 42361 | Elf:2    | Found a runed translucent gate.
 42361 | Elf:2    | Found a runed translucent gate.
 42783 | Elf:1    | Found Keashaxo's General Store.
 42796 | Elf:1    | Bought a scroll of silence for 171 gold pieces
 42877 | Elf:1    | Found Piatryxt's Antique Armour Emporium.
 43392 | Elf:2    | Reached XP level 21. HP: 175/190 MP: 30/30
 43696 | Elf:2    | Found Perseus's Dragon-Slaying Spoils.
 43734 | Elf:3    | Entered Level 3 of the Elven Halls
 43962 | Elf:3    | Paralysed by an air elemental for 1 turns
 44007 | Elf:3    | Reached skill level 17 in Fighting
 44014 | Elf:3    | Reached skill level 13 in Invocations
 44121 | Elf:3    | Identified the +8 pearl dragon scales "Dupsaboo" {rN+ Str+2
                  | Int+3}
 44145 | Elf:3    | Identified the +0 plate armour of Death Resistance {Fly
                  | Will+}
 45172 | Elf:3    | Paralysed by an air elemental for 1 turns
 45585 | Elf:3    | Reached skill level 15 in Shields
 46096 | Elf:3    | Identified the +6 falchion of Grandeur {flame, Dex+4}
 47103 | Elf:3    | Got Utzuexex's Information on Vapour
 47148 | Elf:3    | Got the Omnibus of the Atmosphere and Glaciation
 47149 | Elf:3    | Identified the +3 leather armour of Puckish Happiness
                  | {rPois}
 47641 | Vaults:1 | Entered Level 1 of the Vaults
 48032 | Vaults:1 | Found a runed translucent gate.
 48032 | Vaults:1 | Found a runed translucent gate.
 48032 | Vaults:1 | Found a runed translucent gate.
 48065 | Vaults:1 | Reached skill level 14 in Invocations
 48082 | Vaults:1 | Noticed Donald
 48090 | Vaults:1 | Killed Donald
 48112 | Vaults:1 | Noticed Asterion
 48121 | Vaults:1 | Killed Asterion
 48278 | Vaults:1 | Reached skill level 18 in Fighting
 48487 | Vaults:1 | Identified the +1 spear of Ambiguity {heavy, rPois rF+
                  | rC+++ Int-2}
 49129 | Vaults:1 | Identified the ring "Ytecralu" {Wiz rElec rC- rN+++ SInv}
 49129 | Vaults:1 | Noticed Muvus's ghost (adept DsFi)
 49765 | Vaults:2 | Reached XP level 22. HP: 169/203 MP: 33/33
 49975 | Vaults:2 | Reached skill level 15 in Invocations
 50090 | Vaults:2 | Reached skill level 16 in Shields
 50117 | Vaults:2 | Reached skill level 19 in Fighting
 50842 | Vaults:2 | Found a staircase to the Crypt.
 51082 | Vaults:3 | Found Qoluopn's Weapon Shoppe.
 51278 | Vaults:3 | Noticed Mara
 51282 | Vaults:3 | Noticed EnegeticOcto's illusion
 51291 | Vaults:3 | Killed Mara
 51486 | Vaults:3 | Reached skill level 17 in Shields
 51667 | Vaults:1 | Killed Muvus's ghost
 51668 | Vaults:1 | Reached skill level 20 in Fighting
 51673 | Vaults:1 | Identified the +1 pair of gloves "Notaliej" {Str+5}
 52472 | Vaults:3 | Reached skill level 18 in Shields
 53011 | Vaults:4 | Reached XP level 23. HP: 215/215 MP: 34/34
 54095 | Vaults:4 | Reached skill level 19 in Shields
 54354 | Crypt:1  | Entered Level 1 of the Crypt
 54532 | Crypt:1  | Noticed Saint Roka
 54540 | Crypt:1  | Noticed Margery
 54606 | Vaults:2 | Killed Saint Roka
 54751 | Vaults:2 | Killed Margery
 55220 | Crypt:1  | Identified the +4 orcbow of Collusion {drain, Dex+3 Stlth+}
 55633 | Crypt:1  | Found a burning altar of Makhleb.
 55634 | Crypt:1  | Acquired 949 gold pieces
 56597 | Crypt:2  | Reached skill level 10 in Dodging
 56603 | Crypt:2  | Identified the +0 scale mail "Goim" {Str+6 Int+3}
 57178 | Crypt:3  | Entered Level 3 of the Crypt
 58617 | Crypt:3  | Reached skill level 16 in Invocations
 59409 | Crypt:3  | Found a basalt altar of Yredelemnul.
 59810 | Crypt:3  | Reached XP level 24. HP: 224/224 MP: 35/35
 59876 | Crypt:3  | Reached skill level 15 in Armour
 60067 | Crypt:3  | Identified the +1 pair of boots of the Learner {Will+}
 60592 | Crypt:3  | Found a staircase to the Tomb.
 60623 | Crypt:3  | Identified the +1 robe of Zin's Condemnation {Harm rF+}
 60635 | Crypt:3  | Identified the +8 long sword "Noashrusi" {drain, rPois
                  | Str-5 Dex+5}
 60845 | Crypt:3  | Identified the +5 hand axe of the Freezing Gods {flame,
                  | Int+2}
 60908 | Crypt:3  | Got the Treatise on Shadows
 61201 | Depths:1 | Entered Level 1 of the Depths
 61480 | Depths:1 | Found a blossoming altar of Fedhas.
 61540 | Depths:1 | Found a gateway to Hell.
 61602 | Depths:1 | Reached skill level 20 in Shields
 61611 | Depths:1 | Reached skill level 17 in Invocations
 61693 | Depths:1 | Found Qasasen's Jewellery Shop.
 61694 | Depths:1 | Found Zoplev's Book Shoppe.
 61694 | Depths:1 | Found Reruixexi's Book Shoppe.
 61706 | Depths:1 | Bought the ring "Xena" {rElec rC++ EV+5} for 1485 gold
                  | pieces
 62048 | Spider:2 | Killed Theblade121's ghost
 62899 | Depths:1 | Identified the ring of the Mordant Tangerine {rElec Will+
                  | rCorr Int+4 Stlth-}
 63101 | Depths:1 | Found an ornate altar of the Wu Jian Council.
 63866 | Depths:2 | Reached skill level 16 in Armour
 64689 | Depths:2 | Found a one-way gateway to a ziggurat.
 64741 | Depths:2 | Found a one-way gate to the infinite horrors of the Abyss.
 64890 | Depths:2 | Identified the staff of the Saviour {rF+ Str+4 Fire}
 65168 | Depths:2 | Reached skill level 18 in Invocations
 65447 | Depths:2 | Found a one-way gate leading to the halls of Pandemonium.
 66389 | Depths:3 | Reached XP level 25. HP: 231/231 MP: 36/36
 67520 | Depths:3 | Reached skill level 17 in Armour
 67536 | Depths:3 | Noticed a juggernaut
 67569 | Depths:3 | Killed a juggernaut
 67742 | Depths:2 | Reached skill level 19 in Invocations
 68694 | Depths:3 | Noticed a juggernaut
 68707 | Depths:3 | Killed a juggernaut
 68836 | Depths:3 | Identified the +1 cloak of Proximity {rPois rF- rC++ rN+++}
 69039 | Depths:3 | Found a transporter.
 69212 | Depths:3 | Found a transporter.
 69287 | Depths:4 | Entered Level 4 of the Depths
 69661 | Depths:4 | Reached skill level 18 in Armour
 69668 | Depths:4 | Reached skill level 20 in Invocations
 70281 | Depths:4 | Found a gate to the Realm of Zot.
 71255 | Hell     | Entered the Vestibule of Hell
 71255 | Hell     | Noticed Geryon
 71673 | Slime:1  | Entered Level 1 of the Pits of Slime
 71689 | Slime:1  | Reached XP level 26. HP: 239/239 MP: 37/37
 73163 | Slime:5  | Entered Level 5 of the Pits of Slime
 74846 | Slime:5  | Noticed the Royal Jelly
 74850 | Slime:5  | Killed the Royal Jelly
 74851 | Slime:5  | Reached skill level 11 in Dodging
 74970 | Slime:5  | Identified the +2 rapier of the Last Visionaries {freeze,
                  | rPois Dex+3}
 75057 | Slime:5  | Identified the +1 pair of boots of Divine Intervention
                  | {Int+6}
 75060 | Slime:5  | Found the +7 mace of Variability {chaos, chaos arc}
 75092 | Slime:5  | Identified the +4 spear of Durghy {venom, rCorr}
 75154 | Slime:5  | Identified the +3 ice dragon scales of the Hanged Man
                  | {rPois rF- rC++ Str-2 Dex+3}
 75162 | Slime:5  | Identified the staff "Iviotu" {rC+ Int+3 Ice}
 75178 | Slime:5  | Got a slimy rune of Zot
 75181 | Slime:5  | Identified the +1 hand axe of Annoyance {protect, Str+3
                  | Dex+2}
 75523 | Slime:5  | Identified the maw talisman of Parlour Games {rPois Str+4
                  | Int-3 SInv}
 76081 | Zot:1    | Entered Level 1 of the Realm of Zot
 76801 | Zot:1    | Reached skill level 19 in Armour
 77300 | Zot:1    | Reached skill level 21 in Invocations
 77676 | Zot:1    | Noticed an orb of fire
 77689 | Zot:1    | Killed an orb of fire
 78692 | Zot:2    | Reached skill level 21 in Fighting
 79639 | Zot:2    | Reached skill level 12 in Dodging
 79687 | Zot:2    | Identified the +6 trident of the Many Realms {freeze, rF+
                  | Str+2 Int+3 SInv}
 80081 | Zot:3    | Reached XP level 27. HP: 219/250 MP: 37/37
 81404 | Zot:4    | Reached skill level 21 in Shields
 82464 | Zot:5    | Entered Level 5 of the Realm of Zot
 83143 | Zot:5    | Identified the +6 rapier "Vetok" {freeze, rN+ Str+3 SInv}
 83945 | Zot:5    | Noticed an orb of fire
 83959 | Zot:5    | Killed an orb of fire
 84705 | Zot:5    | Reached skill level 13 in Dodging
 85809 | Zot:5    | Reached skill level 22 in Invocations
 86571 | Zot:5    | Reached skill level 20 in Armour
 86905 | Zot:5    | Reached skill level 22 in Fighting
 86947 | Zot:5    | Noticed an orb of fire
 86954 | Zot:5    | Killed an orb of fire
 89532 | Zot:5    | Noticed a dread lich
 89540 | Zot:5    | Killed a dread lich
 90887 | Zot:5    | Noticed a dread lich
 90894 | Zot:5    | Killed a dread lich
 91775 | Zot:5    | Noticed an ancient lich
 91782 | Zot:5    | Killed an ancient lich
 95039 | Zot:5    | Noticed an orb of fire
 95039 | Zot:5    | Noticed an orb of fire
 95051 | Zot:5    | Killed an orb of fire
 95052 | Zot:5    | Killed an orb of fire
 95920 | Zot:5    | Noticed an orb of fire
 95931 | Zot:5    | Killed an orb of fire
 96128 | Zot:5    | Got the Orb of Zot
 96557 | D:7      | Reached skill level 22 in Shields
 96796 | D:$      | Escaped with the Orb!

Illustrated notes

Levels and vault maps discovered:
D:1:      dpeg_arrival_three_same_balls, layout_loops_ring, serial_shops,
          nicolae_shop_crystal, dilly_ecumenical_altar_fadedgnrine,
          nicolae_eternal_life
D:2:      layout_basic, st_stairs_9, kennysheep_generic_room_16, uniq_natasha,
          uniq_crazy_yiuf_cottage
D:3:      layout_basic, nicolae_dithmenos_the_darkroom, kiku_gazebo_pond_becter,
          uniq_jessica
D:4:      layout_loops_corners, okawaru_altar_gauntlet_db,
          nicolae_qazlal_beasts_of_the_sky
D:5:      layout_basic, mainiacjoe_overflow_cross_hatched,
          general_overflow_altar
D:6:      layout_loops_corners, minmay_temple_entry_mini_moons,
          nicolae_shop_gadgets, uniq_prince_ribbit1
D:7:      layout_gridville, serial_shops, shop, nicolae_ossuary_entry_monument
D:8:      layout_loops_ring, lemuel_tele_altar, gammafunk_ghost_arena
D:9:      minmay_quarter_circles, layout_long_grid, good_gods_mini_temple,
          overflow_temple_1_default, lair_entry_dummy
D:10:     layout_loops_cross, tgw_trog, chequers_serial_rivers_micro_a,
          dreamdust_princess_bridge, uniq_urug
D:11:     layout_loops_ring, uniq_maurice, uniq_sonja
D:12:     layout_rooms, chequers_serial_rivers_small_3
D:13:     layout_small_grid, ximxim_vaults_locker_room
D:14:     layout_gridville, grunt_qazlal_clouds, uniq_nessos
D:15:     hangedman_depths_entry_civil_slaughter, layout_basic, enter_trove_2,
          minmay_misc_feat_roman, minivault_28
Lair:1:   layout_regular_city, lemuel_fruit_tree
Lair:2:   layout_long_grid, serial_bayou_pond_b, columned_hall_lemuel,
          infiniplex_staircase_pool
Lair:3:   layout_chaotic_city, swamp_mist, nicolae_spider_entry_orb_guardian
Lair:4:   layout_regular_city, minmay_slime_entry_oklob_open, basic_altar
Lair:5:   grunt_lair_end_beastmaster, layout_cave_pods, st_stairs_4
Swamp:1:  layout_falls_marsh, evilmike_swamp_ruin_house_5, uniq_josephine
Swamp:2:  layout_basic_swamp, evilmike_swamp_ruin_rubble_1, uniq_aizul,
          uniq_nikola
Swamp:3:  nzn_winding_woodlands_small [nzn_winding_woodlands_5x15_jagged,
          nzn_winding_woodlands_center_garden,
          nzn_winding_woodlands_5x15_sawtooth], layout_falls_marsh,
          nicolae_swamp_tree_designs, swamp_pool_5
Swamp:4:  swamp, layout_basic_swamp, gammafunk_ghost_mausoleum, swamp_pool_3
Spider:1: layout_spider_delve
Spider:2: cheibrodos_spider_silkery, hellmonk_ghost_happy_afterlife,
          guppyfry_spider_mini_3, uniq_agnes, uniq_roxanne
Spider:3: layout_spider_delve, nicolae_spider_stair_cavern, uniq_kirke
Spider:4: spider_rune_water, nicolae_spider_bug_shape, uniq_arachne, uniq_louise
Slime:1:  layout_caves
Slime:2:  layout_caves
Slime:3:  layout_caves, nicolae_slime_crime_time
Slime:4:  layout_caves
Slime:5:  slime_pit_nicolae_amoeboid
Orc:1:    layout_caves, serial_shops, nicolae_shop_scrapyard
Orc:2:    grunt_orc_tribal_feast, layout_diamond_mine
Elf:1:    nicolae_elf_arrival_fired_up, layout_geoelf_octagon, serial_shops,
          shop, nicolae_shop_stone, hangedman_elven_crosses_minicolossus,
          statue_in_the_mist_lemuel, minmay_shoptagon
Elf:2:    nicolae_elf_blades_splatter_lattice [nicolae_blade_entry_antechamber],
          layout_loops_ring, dk_noncrumbling_4, wad_floor_pattern_1,
          nicolae_shop_dragon_depot, small_statue_intersection, fountainhead
Elf:3:    grunt_elf_hall_branching, layout_geoelf_octagon
Vaults:1: gammafunk_ghost_tricky_traps, vaults_room_fancy_cross, v_pattern_5,
          v_rooms_4, v_misc_27, nicolae_vaults_storage_closets_1,
          nicolae_vaults_three_branches, nicolae_vaults_heart-shaped_vault,
          nicolae_vaults_theta, layout_vaults_omnicross, uniq_asterion,
          uniq_donald
Vaults:2: nicolae_vaults_shrinking_rooms_1, nicolae_vaults_tetromino_Z_1,
          v_rooms_5, dpeg_vaults_pockets_of_resistance,
          minmay_crypt_entry_simple_walls, vaults_dpeg_hooks,
          nicolae_vaults_mini_display_case, nicolae_vaults_gold_heap,
          layout_vaults_big_room
Vaults:3: vaults_standard_mumra_lines, v_rooms_4, ontoclasm_vaults_ring_small,
          v_pattern_2, vaults_room_stairs_pillars, dpeg_vaults_monster_row,
          v_misc_22, v_misc_19, vaults_room_corners, layout_vaults_ring,
          serial_shops, nicolae_shop_mannequins, uniq_mara
Vaults:4: nicolae_vaults_mitosis, nicolae_vaults_surprise_closet,
          vaults_standard_mumra_x, hangedman_vaults_slice, vaults_room_grid,
          nicolae_vaults_octothorpe, nicolae_vaults_tetromino_Z_1,
          nicolae_vaults_double_plus_2, v_misc_10, layout_vaults_omnigrid
Crypt:1:  layout_misc_corridors, hex_tiny, nzn_life_drinkers, uniq_margery,
          uniq_saint_roka
Crypt:2:  layout_regular_city, lemuel_freeze_loot_1
Crypt:3:  grunt_crypt_end_deaths_head
Depths:1: layout_forbidden_donut, fedhas_altar_3, hell_entry,
          pdpol_wu_jian_five_deadly_venoms, grunt_megastairs_2,
          minmay_shop_grove
Depths:2: hangedman_elemental_death_ray, layout_gridlike, enter_ziggurat_d,
          hell_entry, abyss_entry, grunt_pan_entry_sceptre
Depths:3: grunt_bent_corner, layout_honeycomb, hangedman_coc_ice_floe,
          abyss_entry, grunt_pan_entry_zigzag, kennysheep_diamond,
          grunt_decor_fettered, nicolae_diode_stairs,
          infiniplex_staircase_zigzag_3, firewood_loft
Depths:4: grunt_twist_and_shout, layout_honeycomb, grunt_metal_band,
          abyss_entry_small_statue_room, grunt_pan_entry_spiral, nrook_uturn
Hell
Zot:1:    layout_onion_interference, grunt_megastairs_4
Zot:2:    kennysheep_bubbly, layout_gridlike, lemuel_baited_zot_trap
Zot:3:    layout_cellular_growth, regret_index_zotdec_wing_it
Zot:4:    layout_cellular_growth, grunt_megastairs_5,
          regret_index_zotdec_banners
Zot:5:    layout_cathedral_of_symmetry, grunt_ministairs_12

Skill      XL: |  1  2  3  4  5  6  7  8  9 10 11 12 13 14 15 16 17 18 19 20 21 22 23 24 25 26 27 |
---------------+----------------------------------------------------------------------------------+-----
Stealth        | 1 3 |  3.0
Translocations | 2 |  2.0
Axes           | 2 4 5 6 7 8 10 11 12 13 14 15 16 17 18 | 18.0
Fighting       | 4 7 8 10 11 15 16 18 20 21 22 | 22.7
Armour         | 2 4 5 7 8 9 11 12 14 16 18 19 20 | 20.6
Invocations    | 3 4 5 7 9 10 12 14 15 16 18 20 21 22 | 22.8
Shields        | 5 6 7 9 10 11 12 13 14 15 18 19 20 22 | 22.0
Evocations     | 4 6 |  6.0
Dodging        | 5 6 9 10 12 13 | 13.0
Unarmed Combat | |  3.2
Spellcasting   | |  1.7
Conjurations   | |  2.4

Action                     |  1- 3 |  4- 6 |  7- 9 | 10-12 | 13-15 | 16-18 | 19-21 | 22-24 | 25-27 || total
---------------------------+-------+-------+-------+-------+-------+-------+-------+-------+-------++-------
  Melee: Unarmed           |    80 |       |       |       |       |       |       |       |       ||    80
         Hand axe          |     4 |    82 |   240 |   462 |   649 |       |       |       |       ||  1437
         Punch             |       |     1 |       |       |       |       |       |       |       ||     1
         Broad axe         |       |       |       |       |   392 |   581 |   958 |  1347 |  1448 ||  4726
         War axe           |       |       |       |       |       |    81 |    75 |       |       ||   156
  Throw: Stone             |     3 |       |       |       |       |       |       |       |       ||     3
         Boomerang         |       |     4 |     1 |       |       |       |       |       |       ||     5
         Dart              |       |       |     2 |     3 |     3 |       |     3 |       |       ||    11
   Cast: Momentum Strike   |     7 |       |       |       |       |       |       |       |       ||     7
 Invoke: Upheaval          |       |       |       |    19 |    11 |    10 |     6 |    19 |    24 ||    89
         Elemental Force   |       |       |       |     1 |     4 |    13 |     9 |     5 |     5 ||    37
         Disaster Area     |       |       |       |       |     1 |       |     1 |       |       ||     2
  Evoke: Wand              |       |       |    12 |     5 |    10 |       |     7 |       |       ||    34
         Lightning rod     |       |       |       |       |       |     3 |     4 |       |     3 ||    10
    Use: Scroll            |     1 |     5 |     8 |     7 |    13 |    11 |     7 |     3 |    14 ||    69
         Potion            |       |     2 |       |     7 |       |     7 |     4 |     1 |     8 ||    29
   Stab: Sleeping          |     2 |     4 |       |       |       |       |       |       |       ||     6
         Distracted        |       |     1 |       |       |     4 |    12 |    16 |    22 |    32 ||    87
         Paralysed         |       |       |       |     1 |     7 |     9 |     5 |     4 |     6 ||    32
         Petrified         |       |       |       |       |     6 |       |       |       |       ||     6
         Petrifying        |       |       |       |       |     1 |       |       |       |       ||     1
         Invisible         |       |       |       |       |       |     8 |       |       |       ||     8
         Held in net/web   |       |       |       |       |       |     1 |       |       |       ||     1
 Armour: Leather armour    |    36 |    17 |       |       |       |       |       |       |       ||    53
         Chain mail        |       |    43 |    88 |       |       |       |       |       |       ||   131
         Plate armour      |       |       |    57 |   286 |   632 |   489 |   846 |   297 |   434 ||  3041
  Dodge: Dodged            |    37 |    66 |    61 |    58 |    98 |   159 |   293 |   124 |   139 ||  1035
         Repelled          |       |       |       |       |     2 |     3 |    20 |     8 |    22 ||    55
  Block: Other             |       |       |     4 |       |       |       |       |       |       ||     4
         Buckler           |       |       |    28 |    31 |       |       |       |       |       ||    59
         Kite shield       |       |       |       |   185 |   685 |   661 |   781 |       |       ||  2312
         Tower shield      |       |       |       |       |       |       |   135 |  1221 |  1333 ||  2689

Table legend: (Time is in decaauts)
 A = Elapsed time spent in this place.
 B = Non-inter-level travel time spent in this place.
 C = Inter-level travel time spent in this place.
 D = Time resting spent in this place.
 E = Time spent auto-exploring this place.
 F = Levels seen in this place.
 G = Mean time per level.
                   A        B        C        D        E       F      G
               +--------+--------+--------+--------+--------+-----+--------+
         Total |  95742 |  88373 |   7369 |  41698 |  33232 |  56 | 1709.7 |
       Dungeon |  20302 |  16600 |   3702 |   2623 |  10777 |  15 | 1353.5 |
          Lair |   6722 |   5855 |    867 |    922 |   3915 |   5 | 1344.4 |
         Swamp |   4222 |   4089 |    133 |   1696 |   1484 |   4 | 1055.5 |
   Spider Nest |   8900 |   8447 |    453 |   4634 |   2346 |   4 | 2225.0 |
    Slime Pits |   4020 |   3921 |     99 |   2612 |    814 |   5 |  804.0 |
  Orcish Mines |   1998 |   1866 |    132 |    275 |   1195 |   2 |  999.0 |
   Elven Halls |   6360 |   6167 |    193 |   3631 |   1695 |   3 | 2120.0 |
        Vaults |   7322 |   6663 |    659 |   2024 |   3264 |   4 | 1830.5 |
         Crypt |   6314 |   6012 |    302 |   3602 |   1549 |   3 | 2104.7 |
        Depths |   9236 |   8677 |    559 |   4662 |   2676 |   4 | 2309.0 |
          Hell |      7 |      7 |      0 |      0 |      0 |   1 |    7.0 |
           Zot |  19970 |  19705 |    265 |  14975 |   3342 |   5 | 3994.0 |
       Ossuary |    364 |    364 |      0 |     38 |    172 |   1 |  364.0 |
               +--------+--------+--------+--------+--------+-----+--------+

Top non-repeatable levels by time:
   Zot:5: 13448 daAuts
Spider:4: 4124 daAuts
 Crypt:3: 3762 daAuts
   Elf:3: 3597 daAuts
Depths:3: 3560 daAuts
Depths:2: 2670 daAuts
Vaults:2: 2553 daAuts
     D:9: 2499 daAuts
 Slime:5: 2484 daAuts
Spider:3: 2103 daAuts
     D:2: 2088 daAuts
 Swamp:3: 2027 daAuts
   Zot:1: 1972 daAuts
Vaults:1: 1870 daAuts
Depths:4: 1868 daAuts

Table legend:
 A = Kills in this place as a percentage of kills in the entire game.
 B = Kills by you in this place as a percentage of kills by you in the entire game.
 C = Kills by friends in this place as a percentage of kills by friends in the entire game.
 D = Other kills in this place as a percentage of other kills in the entire game.
 E = Experience gained in this place as a percentage of experience gained in the entire game.
 F = Experience gained in this place divided by the number of levels of this place that you have seen.
                   A       B       C       D       E      F
               +-------+-------+-------+-------+-------+----------------------
         Total | 100.0 | 100.0 | 100.0 | 100.0 | 100.0 | 25510.0
       Dungeon |  16.8 |  16.8 |  20.5 |  12.5 |   6.8 | 6428.6
          Lair |   6.6 |   6.7 |   2.6 |   0.0 |   3.4 | 9714.4
         Swamp |   6.3 |   6.0 |  15.4 |  37.5 |   5.8 | 20613.8
   Spider Nest |  11.8 |  11.6 |  30.8 |   0.0 |   7.7 | 27333.2
    Slime Pits |   4.6 |   4.7 |   0.0 |   0.0 |   5.1 | 14452.6
  Orcish Mines |   3.7 |   3.6 |  10.3 |   0.0 |   0.9 | 6662.5
   Elven Halls |   7.7 |   7.6 |  10.3 |  25.0 |   8.8 | 41873.0
        Vaults |  13.1 |  13.3 |   5.1 |   0.0 |  15.6 | 55601.2
         Crypt |   7.1 |   7.3 |   0.0 |   0.0 |   7.1 | 33735.3
        Depths |  11.6 |  11.7 |   2.6 |  12.5 |  16.8 | 59964.0
          Hell |   0.0 |   0.0 |   0.0 |   0.0 |   0.1 | 786.0
           Zot |   9.3 |   9.4 |   2.6 |  12.5 |  22.1 | 63129.8
       Ossuary |   1.1 |   1.2 |   0.0 |   0.0 |   0.0 | 660.0
               +-------+-------+-------+-------+-------+----------------------
